 Dungeon Crawl Stone Soup version 0.27-a0-1202-ge72e49191c (webtiles) character file.

Game seed: 892282246964795608

215 hilljack the Digger (level 5, 0/42 HPs)
             Began as a Gargoyle Earth Elementalist on June 5, 2021.
             Killed from afar by an orc wizard (5 damage)
             ... with a magic dart
             ... on level 3 of the Dungeon.
             The game lasted 00:05:16 (3638 turns).

hilljack the Digger (Gargoyle Earth Elementalist)   Turns: 3638, Time: 00:05:17

Health: 0/42       AC: 22    Str: 12    XL:     5   Next: 92%
Magic:  10/10      EV:  2    Int: 16    God:
Gold:   145        SH:  0    Dex: 10    Spells: 10/11 levels left

rFire    . . .     SeeInvis .   f - +1 mace
rCold    . . .     Faith    .   (no shield)
rNeg     + + +     Spirit   .   (armour currently unavailable)
rPois    ∞         Reflect  .   (helmet currently unavailable)
rElec    .         Harm     .   (cloak currently unavailable)
rCorr    .         Rampage  .   (gloves currently unavailable)
Will     .....     NoTele   +   (boots currently unavailable)
Stlth    +.........             (no amulet)
HPRegen  0.14/turn              (no ring)
MPRegen  0.12/turn              (no ring)

@: confused, tree-form
A: stationary, stasis, torment immunity, boosted hp, sickness immunity, AC +4,
negative energy resistance 1, (electricity resistance), torment resistance 1,
petrification resistance
a: no special abilities


You were on level 3 of the Dungeon.
You were a tree.
You visited 1 branch of the dungeon, and saw 4 of its levels.

You collected 145 gold pieces.

Inventory:

Hand Weapons
 f - a +1 mace (weapon)
Missiles
 b - 89 stones
Armour
 a - a +0 helmet (melded)
 i - a +2 leather armour of fire resistance (melded)
Scrolls
 c - 3 scrolls of identify
 d - a scroll of enchant weapon
 g - a scroll of amnesia


   Skills:
 + Level 3.2 Armour
 - Level 1.5 Dodging
 - Level 2.1 Stealth
 + Level 3.5 Spellcasting
 - Level 0.7 Transmutations
 + Level 5.3 Earth Magic


You had 10 spell levels left.
You knew the following spells:

 Your Spells              Type           Power      Damage    Failure   Level
a - Sandblast             Erth           38%        2d10      1%          1

Your spell library contained the following spells:

 Spells                   Type           Power      Damage    Failure   Level
 Passwall                 Tmut/Erth      10%        N/A       8%          2
 Animate Skeleton         Necr           4%         N/A       19%         1
 Apportation              Tloc           4%         N/A       19%         1
 Corona                   Hex            2%         N/A       19%         1
 Summon Small Mammal      Summ           8%         N/A       19%         1
 Stone Arrow              Conj/Erth      22%        3d8       19%         3
 Petrify                  Tmut/Erth      12%        N/A       45%         4
 Lee's Rapid Deconstruct  Erth           9%         3d8*      50%         5


Dungeon Overview and Level Annotations

Branches:
Dungeon (4/15)
 Temple: D:4-7

Altars:
Hepliaklqana


Innate Abilities, Weirdness & Mutations

You are a tree.
Your roots penetrate the ground, keeping you stationary.
You cannot be teleported.
You are immune to unholy pain and torment.
Your maximum health is greatly increased.
Your equipment is partially melded.
You are immune to sickness and miasma.
((Your stone body is resilient. (AC +4)))
You are immune to poison.
You resist negative energy. (rN+)
((You are resistant to electric shocks. (rElec)))
You are resistant to unholy torment.
You are immune to petrification.


Message History

You completely miss something. Something hits you. Something barely misses you.
You barely miss something. Something hits you.
* * * LOW HITPOINT WARNING * * *
You completely miss something. Something hits you but does no damage.
You miss something.
You feel less confused. Something hits you.
* * * LOW HITPOINT WARNING * * *
You hear some strange, mumbled words.
You are confused.
Really quaff the potion of lignification?
You turn into a tree.
Your +0 helmet melds into your body.
Your +2 leather armour of fire resistance melds into your body.
You feel less resistant to fire.
Your roots penetrate the ground.
Something hits you but does no damage.
You cannot move. (Use ctrl+direction or * direction to attack without moving.)
You cannot move. (Use ctrl+direction or * direction to attack without moving.)
You cannot move. (Use ctrl+direction or * direction to attack without moving.)
You cannot move. (Use ctrl+direction or * direction to attack without moving.)
You cannot move. (Use ctrl+direction or * direction to attack without moving.)
You cannot move. (Use ctrl+direction or * direction to attack without moving.)
You cannot move. (Use ctrl+direction or * direction to attack without moving.)
There is a strange disturbance nearby!
There is a strange disturbance nearby!
There is a strange disturbance nearby!
You swing at nothing.
Something hits you.
* * * LOW HITPOINT WARNING * * *
You nearly hit yourself!
You hear some strange, mumbled words.
You are more confused.
You completely miss something.
You hear some strange, mumbled words.
A magic dart appears from out of thin air!
The magic dart hits you but does no damage.
Something hits you but does no damage.
You barely miss something.
An orc wizard appears from thin air!
Reactivating autopickup.
The orc wizard points at you and mumbles some strange words.
The magic dart hits you.
You die...

.....# #.#.#####.#
#.#
.....######.#.......#
#.#
............#########
#.# ..)..######## #.#
###### #.# ########
#.# #[>....#####.#
#>)....'...#.######
#o♣....###.#.......
#......# #.######## #
#......# #.#...# # #
#......# #.##..# # #
#......# #.##..# # #
###...####.##..#### #
##+#...#.##...).. #
#.#.#.#.###.#### #
#.#.#.#.# #.#.#


You could see an orc wizard.

Vanquished Creatures
  Terence (D:3)
  Natasha (thrice) (D:2)
  6 adders
  4 dart slugs
  3 orcs (D:3)
  6 bats
  4 endoplasms
  8 goblins
  4 hobgoblins
  2 jackals (D:2)
  2 quokkas (D:1)
  2 ball pythons
  3 frilled lizards (D:1)
  2 kobolds
  A rat (D:1)
51 creatures vanquished.

Notes
Turn   | Place    | Note
-------+----------+-------------------------------------------
     0 | D:1      | hilljack the Gargoyle Earth Elementalist began the quest
                  | for the Orb.
     0 | D:1      | Reached XP level 1. HP: 10/10 MP: 3/3
     0 | D:1      | Noticed an ogre
     1 | D:1      | Noticed a ghoul
     2 | D:1      | Noticed a felid
     5 | D:1      | Noticed a draconian
     7 | D:1      | Noticed a vine stalker
     8 | D:1      | Noticed a formicid
    11 | D:1      | Noticed an elf
    11 | D:1      | Noticed a ghoul
    13 | D:1      | Noticed a naga
    15 | D:1      | Noticed a human
    17 | D:1      | Noticed a gargoyle
    19 | D:1      | Noticed a troll
    19 | D:1      | Noticed an ogre
    66 | D:1      | Noticed an ogre
   436 | D:1      | Reached XP level 2. HP: 15/15 MP: 5/5
   442 | D:1      | Reached skill level 1 in Armour
   643 | D:1      | Reached skill level 4 in Earth Magic
  1199 | D:1      | Reached XP level 3. HP: 19/19 MP: 6/6
  1488 | D:2      | Noticed Natasha
  1494 | D:2      | Killed Natasha
  1496 | D:2      | Reached XP level 4. HP: 23/24 MP: 2/8
  1596 | D:2      | Noticed Natasha
  1605 | D:2      | Killed Natasha
  1676 | D:2      | Noticed Natasha
  1681 | D:2      | Killed Natasha
  1840 | D:2      | Reached XP level 5. HP: 24/28 MP: 9/9
  2357 | D:3      | Reached skill level 5 in Earth Magic
  2774 | D:3      | Noticed Terence
  2788 | D:3      | Killed Terence
  3040 | D:3      | Found a hazy altar of Hepliaklqana.
  3638 | D:3      | Killed from afar by an orc wizard

Illustrated notes

Levels and vault maps discovered:
D:1:      shiori_arrival_whats_in_store_for_you, layout_loops_ring
D:2:      layout_loops_cross, uniq_natasha
D:3:      layout_basic, nicolae_hepliaklqana_hippocampus, uniq_terence
D:4:      layout_loops_ring, overflow_temple_1_default, uniq_eustachio

Skill      XL: |  1  2  3  4  5 |
---------------+----------------+-----
Armour         | 1 2 3 |  3.2
Earth Magic    | 4 5 |  5.3
Spellcasting   | 3 |  3.5
Dodging        | |  1.5
Stealth        | |  2.1
Transmutations | |  0.7

Action                   |  1- 3 |  4- 6 || total
-------------------------+-------+-------++-------
Melee: Mace              |    76 |   136 ||   212
 Cast: Sandblast         |     8 |    10 ||    18
  Use: Scroll            |     2 |     4 ||     6
       Potion            |       |     3 ||     3
 Stab: Sleeping          |     3 |     4 ||     7
Armor: Leather armour    |    39 |    89 ||   128
       Skin              |       |    11 ||    11
Dodge: Dodged            |    60 |    90 ||   150

Table legend: (Time is in decaauts)
 A = Elapsed time spent in this place.
 B = Non-inter-level travel time spent in this place.
 C = Inter-level travel time spent in this place.
 D = Time resting spent in this place.
 E = Time spent auto-exploring this place.
 F = Levels seen in this place.
 G = Mean time per level.
                   A        B        C        D        E       F      G
               +--------+--------+--------+--------+--------+-----+--------+
         Total |   3746 |   3664 |     82 |    948 |   2097 |   4 |  936.5 |
       Dungeon |   3746 |   3664 |     82 |    948 |   2097 |   4 |  936.5 |
               +--------+--------+--------+--------+--------+-----+--------+

Top non-repeatable levels by time:
     D:1: 1446 daAuts
     D:3: 1387 daAuts
     D:2: 848 daAuts
     D:4: 63 daAuts
